 Dungeon Crawl Stone Soup version 0.29.1-15-g9cfb28693d (webtiles) character file.

Game seed: 17582605752616630653

114 Eitelfritz the Slasher (level 4, -8/37 HPs)
             Began as a Minotaur Gladiator on Apr 14, 2023.
             Killed from afar by Natasha (12 damage)
             ... with a bolt of dispelling energy
             ... on level 2 of the Dungeon.
             The game lasted 00:03:57 (1544 turns).

Eitelfritz the Slasher (Minotaur Gladiator)         Turns: 1544, Time: 00:03:58

Health: -8/37      AC:  5    Str: 28    XL:     4   Next: 67%
Magic:  3/3        EV: 13    Int:  7    God:
Gold:   105        SH:  0    Dex: 11    Spells: 3/3 levels left

rFire   + . .      SeeInvis .   a - +0 long sword
rCold   . . .      Faith    .   (no shield)
rNeg    + . .      Spirit   .   n - +1 leather armour "Zitioq" {rF+ rN+ Str+3}
rPois   .          Reflect  .   c - +0 hat
rElec   .          Harm     .   g - +0 cloak
rCorr   .          Rampage  .   (no gloves)
Will    .....                   (no boots)
Stlth   +.........              (no amulet)
HPRegen 0.12/turn               r - +6 ring of strength
MPRegen 0.08/turn               (no ring)

@: no status effects
A: horns 2, retaliatory headbutt
a: no special abilities


You were on level 2 of the Dungeon.
You visited 1 branch of the dungeon, and saw 2 of its levels.

You collected 105 gold pieces.

Inventory:

Hand Weapons
 a - a +0 long sword (weapon)
 b - a +0 sling
 k - a +1 mace of holy wrath
Missiles
 d - 3 throwing nets (quivered)
 e - a javelin
 f - 5 poisoned darts
 l - 2 atropa-tipped darts
Armour
 c - a +0 hat (worn)
 g - a +0 cloak (worn)
 n - the +1 leather armour "Zitioq" (worn) {rF+ rN+ Str+3}
   (You found it on level 2 of the Dungeon)

   Str:       It affects your strength (+3).
   rF:        It protects you from fire.
   rN:        It protects you from negative energy.
Jewellery
 r - a +6 ring of strength (left hand)
Scrolls
 i - a scroll of fog {unknown}
 j - 2 scrolls of identify {unknown}
 m - a scroll of teleportation {unknown}
 q - a scroll of blinking {unknown}
Potions
 h - 2 potions of brilliance {unknown}
 o - a potion of heal wounds {unknown}
 p - a potion of lignification {unknown}


   Skills:
 + Level 2.7 Fighting
 + Level 4.6 Long Blades
 + Level 2.3 Ranged Weapons
 + Level 2.0 Throwing
 + Level 0.7 Armour
 + Level 4.3 Dodging


You had 3 spell levels left.
You didn't know any spells.
Your spell library was empty.

Dungeon Overview and Level Annotations

Branches:
Dungeon (2/15)

Altars:

Annotations:
D:2 1 runed translucent door, Crazy Yiuf, Natasha


Innate Abilities, Weirdness & Mutations

You have a pair of horns on your head.
You reflexively headbutt those who attack you in melee.


Message History

Natasha is heavily wounded.
Natasha wildly gestures.
Natasha's front paws start to glow.
Natasha claws you.
You barely miss Natasha.
Natasha is heavily wounded.
Natasha claws you but does no damage.
Natasha mewls in sadness.
Natasha claws you.
You hit Natasha.
Natasha is severely wounded.
Natasha casts a spell at you. You resist with some effort.
You closely miss Natasha.
Natasha is severely wounded.
Natasha barely misses you.
You closely miss Natasha.
Natasha is severely wounded.
Natasha closely misses you.
You barely miss Natasha. You headbutt Natasha.
Natasha is almost dead.
Natasha claws you.
You hit Natasha.
You kill Natasha!
Natasha screams in fury as she dies!
Your Dodging skill increases to level 4!
You see here the felid corpse of Natasha.
Natasha, Servant of Life and Death comes into view.
She is carrying a wand of quicksilver (9).
Natasha zaps a wand.
The bolt of dispelling energy hits you! Natasha claws you.
* * * LOW HITPOINT WARNING * * *
You closely miss Natasha.
Natasha zaps a wand.
The bolt of dispelling energy hits you but does no damage.
You barely miss Natasha.
Natasha zaps a wand.
The bolt of dispelling energy hits you.
* * * LOW HITPOINT WARNING * * *
You hit Natasha.
Natasha is lightly wounded.
Natasha zaps a wand.
The bolt of dispelling energy hits you!
You die...

#.#>.####...# #####..#
##.#.###...#####..[..##
.....# #.######..#####
.....###....##...##
#.#...............##
#....##............######
.#....#............##...#
...##...........h).....##
................@#######
........<...#....#
.....)........#..##♣♣♣♣♣
..####.)))...#....#..♣.♣♣♣
### ..#
#......#....†..PP.♣..♣#...#
.##
#..#......#....PP♣♣♣♣.+...#
.# ##..#..........#P♣♣
♣♣#..)#
[###.............##♣♣ ###
.##..##....<.....#


You could see Natasha.

Vanquished Creatures
  Natasha (twice) (D:2)
  2 adders (D:2)
  2 worms (D:2)
  2 dart slugs
  2 ball pythons (D:2)
  8 bats
  An endoplasm (D:2)
  3 giant cockroaches
  5 goblins (D:2)
  2 hobgoblins
  2 quokkas (D:2)
  2 frilled lizards
  3 kobolds (D:2)
  2 rats (D:2)
38 creatures vanquished.

Notes
Turn   | Place    | Note
-------+----------+-------------------------------------------
     0 | D:1      | Eitelfritz the Minotaur Gladiator began the quest for the
                  | Orb.
     0 | D:1      | Reached XP level 1. HP: 18/18 MP: 0/0
   555 | D:1      | Reached XP level 2. HP: 25/25 MP: 1/1
   687 | D:2      | Reached skill level 1 in Ranged Weapons
   751 | D:2      | Reached XP level 3. HP: 14/30 MP: 2/2
   966 | D:2      | Identified the +1 leather armour "Zitioq" {rF+ rN+ Str+3}
  1288 | D:2      | Found a runed translucent door.
  1289 | D:2      | Noticed Crazy Yiuf
  1328 | D:2      | Noticed Natasha
  1333 | D:2      | Killed Natasha
  1334 | D:2      | Reached XP level 4. HP: 30/37 MP: 3/3
  1519 | D:2      | Noticed Natasha
  1532 | D:2      | Killed Natasha
  1537 | D:2      | Noticed Natasha
  1544 | D:2      | Killed from afar by Natasha

Illustrated notes

Levels and vault maps discovered:
D:1:      pf_arrival_petrified_forest, layout_basic
D:2:      layout_rooms, uniq_natasha, uniq_crazy_yiuf_cottage

Skill      XL: |  1  2  3  4 |
---------------+-------------+-----
Ranged Weapons | 1 2 |  2.3
Long Blades    | 4 |  4.6
Dodging        | 4 |  4.3
Fighting       | |  2.7
Throwing       | |  2.0
Armour         | |  0.7

Action                   |  1- 3 |  4- 6 || total
-------------------------+-------+-------++-------
Melee: Long sword        |    53 |    20 ||    73
       Headbutt          |    10 |     2 ||    12
       Punch             |     2 |       ||     2
 Fire: Sling             |    38 |     8 ||    46
Armor: Ring mail         |    15 |       ||    15
       Leather armour    |     7 |     8 ||    15
Dodge: Dodged            |    37 |    10 ||    47
